 Dungeon Crawl Stone Soup version 0.25-a0-842-g81a31cfd23 (webtiles) character file.

Game seed: 12541367740192846656, levelgen mode: deterministic

3443 unvid the Magician (level 9, -11/71 HPs)
             Began as a Mummy Earth Elementalist on Apr 24, 2020.
             Was an Initiate of Gozag.
             Shot with a bolt by an orc warrior (19 damage)
             ... in a bailey.
             The game lasted 00:18:18 (10665 turns).

unvid the Magician (Mummy Earth Elementalist)      Turns: 10665, Time: 00:18:22

Health: -11/71     AC: 10    Str: 13    XL:     9   Next: 77%
Magic:  6/20       EV: 11    Int: 18    God:    Gozag
Gold:   675        SH:  5    Dex: 12    Spells: 10/23 levels left

rFire    . . .     SeeInvis .   b - staff of conjuration
rCold    + . .     Gourm    .   (no shield)
rNeg     + + +     Faith    .   i - +0 leather armour
rPois    ∞         Spirit   .   h - +0 helmet
rElec    +         Reflect  +   m - +0 cloak
rCorr    .         Harm     .   p - +1 pair of gloves
MR       +....                  g - +2 pair of boots
Stlth    +++.......             s - amulet "Lash" {Reflect rElec rPois Str+2 SH+5}
HPRegen  0.21/turn              k - ring of protection from fire
MPRegen  0.17/turn              n - ring of stealth

@: very slightly contaminated
A: no food or potions, fire vulnerability, cold resistance 1, negative energy
resistance 3, torment resistance, unbreathing
a: Potion Petition, Call Merchant, Bribe Branch, Renounce Religion


You were in a bailey.
You worshipped Gozag.
Gozag was pleased with you.
You were not hungry.

You visited 2 branches of the dungeon, and saw 9 of its levels.
You also visited: Ossuary and Bailey.

You collected 829 gold pieces.
You paid 154 gold pieces to Gozag.

Inventory:

Hand Weapons
 a - a +0 rapier of draining
 f - a +0 quarterstaff
 x - a +1 flail of venom
Missiles
 e - 32 poisoned darts
 o - 43 stones (quivered)
Armour
 g - a +2 pair of boots (worn)
 h - a +0 helmet (worn)
 i - a +0 leather armour (worn)
 m - a +0 cloak (worn)
 p - a +1 pair of gloves (worn)
Magical Staves
 b - an uncursed staff of conjuration (weapon)
Jewellery
 k - a ring of protection from fire (left hand)
 n - a ring of stealth (right hand)
 s - the amulet "Lash" (around neck) {Reflect rElec rPois Str+2 SH+5}
   (You found it on level 7 of the Dungeon)

   [amulet of reflection]

   It shields you and reflects attacks.
   It affects your strength (+2).
   It insulates you from electricity.
   It protects you from poison.
   It affects your SH (+5).
 v - a cursed amulet of inaccuracy {unknown}
 w - an uncursed ring of protection from cold
Wands
 t - a wand of paralysis (5)
 y - a wand of polymorph (12)
Scrolls
 c - 6 scrolls of teleportation
 d - 2 scrolls of remove curse
 j - 2 scrolls of fear
 l - a scroll of blinking
 q - 2 scrolls of enchant weapon
 r - a scroll of noise
 u - a scroll of identify


   Skills:
 + Level 6.4 Fighting
 - Level 1.5 Dodging
 + Level 3.4 Stealth
 - Level 7.6 Spellcasting
 - Level 5.5 Conjurations
 - Level 0.7 Transmutations
 * Level 6.9 Earth Magic


You had 10 spell levels left.
You knew the following spells:

 Your Spells              Type           Power        Failure   Level  Hunger
a - Sandblast             Erth           ####..       1%          1    N/A
b - Passwall              Tmut/Erth      ###.....     4%          2    N/A
c - Stone Arrow           Conj/Erth      #####.       3%          3    N/A
d - Blink                 Tloc           N/A          21%         2    N/A
e - Lee's Rapid Deconstr  Erth           ####......   22%         5    N/A

Your spell library contained the following spells:

 Spells                   Type           Power        Failure   Level  Hunger
 Magic Dart               Conj           ####         1%          1    N/A
 Conjure Flame            Conj/Fire      ####....     12%         3    N/A
 Sticks to Snakes         Tmut           #.......     14%         2    N/A
 Mephitic Cloud           Conj/Pois/Air  ###.....     19%         3    N/A
 Call Imp                 Summ           #.......     21%         2    N/A
 Slow                     Hex            #.......     21%         2    N/A
 Petrify                  Tmut/Erth      ###.....     26%         4    N/A
 Beastly Appendage        Tmut           Unusable     N/A         1    N/A
 Spider Form              Tmut/Pois      Unusable     N/A         3    N/A
 Ice Form                 Ice/Tmut       Unusable     N/A         4    N/A
 Blade Hands              Tmut           Unusable     N/A         5    N/A

Dungeon Overview and Level Annotations

Branches:
Dungeon (8/15)             Temple (1/1) D:6         Ossuary (visited)
 Bailey (1/1)
   Lair: D:8-11

Altars:
Ashenzari
Dithmenos
Elyvilon
Fedhas
Gozag
Kikubaaqudgha
Nemelex Xobeh
Okawaru
Qazlal
Ru
Sif Muna
Vehumet
Wu Jian
Xom
Zin

Annotations:
D:3 1 runed translucent door, incide's ghost, amateur DsGl


Innate Abilities, Weirdness & Mutations

You do not eat or drink.
Your flesh is vulnerable to fire.
You are immune to poison.
Your flesh is cold resistant. (rC+)
You are immune to negative energy. (rN+++)
You are immune to unholy pain and torment.
You can survive without breathing.


Message History

Casting: Stone Arrow (mildly dangerous; 3% risk of failure)
Confirm with . or Enter, or press ? or * to list all spells.
Aiming: Stone Arrow (mildly dangerous; 3% risk of failure)
Press: ? - help, Shift-Dir - straight line, f - orc warrior
Aim: an orc warrior, wielding a +0 arbalest, wearing a +0 chain mail and quivering 20 bolts You feel a surge of power!
The stone arrow hits the orc warrior!
The orc warrior is severely wounded.
You hear a shout!
Casting: Stone Arrow (mildly dangerous; 3% risk of failure)
Confirm with . or Enter, or press ? or * to list all spells.
Aiming: Stone Arrow (mildly dangerous; 3% risk of failure)
Press: ? - help, Shift-Dir - straight line, f/p - orc warrior
Aim: an orc warrior, wielding a +0 arbalest, wearing a +0 chain mail and quivering 20 bolts (severely wounded)
You feel a surge of power!
You miscast Stone Arrow.
You are very lightly contaminated with residual magic.
Nothing appears to happen.
The orc warrior shoots a bolt.
The bolt hits you!!
* * * LOW HITPOINT WARNING * * *
The orc warrior shoots a bolt.
The bolt hits you!!
You die...
Your body crumbles into a pile of gold.

### ##@## $
#(∩.# #...# $
.o.....≈
o≈.o.....≈o∩
≈o≈≈.......≈≈o≈
≈≈≈..#...#..≈≈≈
....##...##....
#### ##∩## ####


You could see 2 orc warriors.

Vanquished Creatures
  Pikel (D:7)
  A hippogriff (D:7)
  An orc warrior (D:7)
  2 slaves (D:7)
  A sky beast (D:7)
  A black bear (D:8)
  An ice beast (D:5)
  3 ogres
  3 phantoms
  2 centaurs
  A big kobold (D:7)
  A bullfrog (D:6)
  2 water moccasin zombies
  3 scorpions
  5 killer bees (D:7)
  A howler monkey (D:4)
  2 crimson imps
  4 centaur zombies (Ossuary)
  5 hounds
  A jelly (D:7)
  An orc priest (D:7)
  A human zombie (Ossuary)
  3 iguanas
  2 orc wizards (D:6)
  4 worker ants
  A killer bee zombie (D:5)
  A big kobold zombie (Ossuary)
  An ogre zombie (Ossuary)
  2 hound skeletons (D:5)
  7 mummies (Ossuary)
  Robin (D:3)
  4 gnolls (D:6)
  A howler monkey skeleton (D:8)
  9 adders
  A shadow imp (D:6)
  6 adder zombies
  An adder skeleton (D:6)
  4 worms
  4 dart slugs
  8 leopard geckos
  14 orcs
  A ball python (D:5)
  4 giant cockroaches
  2 gnoll zombies (Ossuary)
  17 goblins
  16 hobgoblins
  13 kobolds
  A quokka (D:3)
  9 bats
  12 frilled lizards
  2 goblin zombies
  5 hobgoblin zombies (Ossuary)
  3 kobold zombies (Ossuary)
  A leopard gecko skeleton (D:5)
  2 quokka skeletons
  5 quokka zombies (Ossuary)
  5 rats
  3 rat zombies
218 creatures vanquished.

Vanquished Creatures (others)
  A slave (D:7)
  An orc warrior (D:7)
  A human (D:6)
  A bullfrog (D:7)
  A worker ant (D:7)
  2 orcs (D:7)
  A quokka (D:7)
8 creatures vanquished.

Grand Total: 226 creatures vanquished

Notes
Turn   | Place    | Note
-------+----------+-------------------------------------------
     0 | D:1      | unvid the Mummy Earth Elementalist began the quest for the
                  | Orb.
     0 | D:1      | Reached XP level 1. HP: 13/13 MP: 4/4
   375 | D:1      | Reached XP level 2. HP: 19/19 MP: 3/5
   811 | D:1      | Reached XP level 3. HP: 21/24 MP: 7/7
  1560 | D:2      | Learned a level 2 spell: Passwall
  1564 | D:2      | Learned a level 3 spell: Stone Arrow
  2127 | D:3      | Reached XP level 4. HP: 30/30 MP: 5/8
  2136 | D:3      | Noticed Robin
  2442 | D:3      | Found a runed translucent door.
  2832 | D:3      | Reached XP level 5. HP: 26/35 MP: 9/9
  3099 | D:3      | Learned a level 2 spell: Blink
  3143 | D:3      | Noticed incide's ghost (amateur DsGl)
  3222 | D:3      | Killed Robin
  3546 | D:4      | Noticed an ogre
  3547 | D:4      | Found a sand-covered staircase.
  3554 | Ossuary  | Entered an ossuary
  3823 | Ossuary  | Reached skill level 5 in Earth Magic
  3954 | Ossuary  | Reached skill level 1 in Conjurations
  3954 | Ossuary  | Reached XP level 6. HP: 24/41 MP: 0/10
  5288 | Ossuary  | Reached XP level 7. HP: 34/46 MP: 7/11
  5738 | D:4      | Reached skill level 3 in Spellcasting
  5807 | D:4      | Reached skill level 1 in Fighting
  5914 | D:4      | Found a glowing silver altar of Zin.
  6348 | D:5      | Entered Level 5 of the Dungeon
  6357 | D:5      | Reached skill level 4 in Spellcasting
  6504 | D:5      | Reached XP level 8. HP: 57/57 MP: 5/14
  6569 | D:5      | You fall into a shaft and drop 2 floors!
  6645 | D:7      | Got a faintly glowing brass amulet
  6647 | D:7      | Identified the amulet "Lash" {Reflect rElec rPois Str+2
                  | SH+5} (You found it on level 7 of the Dungeon)
  6717 | D:7      | Reached skill level 5 in Spellcasting
  7004 | D:7      | Noticed Pikel
  7458 | D:7      | Killed Pikel
  7458 | D:7      | Reached skill level 6 in Spellcasting
  7470 | D:7      | Noticed a hippogriff
  7523 | D:7      | Killed a hippogriff
  7523 | D:7      | Reached XP level 9. HP: 53/67 MP: 2/18
  7661 | D:6      | Reached skill level 5 in Fighting
  7699 | D:7      | Reached skill level 5 in Conjurations
  8052 | D:6      | Found a staircase to the Ecumenical Temple.
  8070 | Temple   | Entered the Ecumenical Temple
  8081 | Temple   | Became a worshipper of Gozag Ym Sagoz the Greedy
  8094 | D:6      | Reached skill level 7 in Spellcasting
  8305 | D:5      | Found an iron altar of Okawaru.
  8498 | D:5      | Found a shimmering blue altar of Sif Muna.
  9683 | D:6      | Found a shadowy altar of Dithmenos.
  9715 | D:6      | Found an ancient bone altar of Kikubaaqudgha.
 10564 | D:8      | Noticed a two-headed ogre
 10605 | D:8      | Found a stormy altar of Qazlal.
 10637 | D:8      | Found a flagged portal.
 10655 | D:8      | Learned a level 5 spell: Lee's Rapid Deconstruction
 10656 | Bailey   | Entered a bailey
 10656 | Bailey   | Noticed an orc knight
 10656 | Bailey   | Noticed an orc knight
 10656 | Bailey   | Noticed an orc knight
 10665 | Bailey   | Shot with a bolt by an orc warrior

Levels and vault maps discovered:
D:1:      minmay_arrival_solitary_statue, layout_basic, glass_columns_a,
          kennysheep_pointless_box, nrook_uturn, minmay_tromino_i4
D:2:      layout_basic
D:3:      minmay_recursive_quarters, layout_basic, ebering_ghost_sewer_d,
          uniq_robin
D:4:      layout_loops_ring, kennysheep_mini_moat, enter_ossuary_4,
          first_ration, minmay_misc_feat_square
D:5:      layout_basic, okawaru_ov_weapons_minmay, old_standard_altar,
          minmay_checkerbox
D:6:      layout_loops_ring, grunt_dithmenos_smoke, minmay_temple_entry_glass,
          tgw_kikubaaqudgha
D:7:      layout_rooms, uniq_pikel
D:8:      layout_rooms, grunt_temple_overflow_holy_war, enter_bailey_3,
          basic_altar
Temple:   cyrus_circular_temple
Bailey:   bailey_polearm_4, bailey

Skill      XL: |  1  2  3  4  5  6  7  8  9 |
---------------+----------------------------+-----
Earth Magic    | 3 4 5 6 |  6.9
Stealth        | 2 3 |  3.4
Conjurations   | 1 2 3 4 5 |  5.5
Spellcasting   | 4 6 7 |  7.6
Fighting       | 2 4 6 |  6.4
Dodging        | |  1.5
Transmutations | |  0.7

Action                   |  1- 3 |  4- 6 |  7- 9 || total
-------------------------+-------+-------+-------++-------
Melee: Club              |    11 |       |       ||    11
       Mace              |    53 |       |       ||    53
       Quarterstaff      |    23 |   210 |    23 ||   256
       Rapier            |       |       |   126 ||   126
       Staff             |       |       |     4 ||     4
Throw: Stone             |     1 |       |     3 ||     4
 Cast: Sandblast         |    30 |    59 |    97 ||   186
       Stone Arrow       |       |    19 |   100 ||   119
       Passwall          |       |       |     5 ||     5
  Use: Scroll            |       |     8 |     5 ||    13
 Stab: Sleeping          |     1 |     9 |     1 ||    11
Armor: Robe              |    23 |    41 |       ||    64
       Leather armour    |       |    24 |    95 ||   119
Dodge: Dodged            |    88 |   145 |   138 ||   371
Block: Other             |       |       |    42 ||    42
       Reflection        |       |       |     4 ||     4

Table legend:
 A = Non-vault XP
 B = Vault XP
 C = Vault XP percentage of total XP
 D = Non-vault monster count
 E = Vault monster count
 F = Vault count percentage of total count
                 A         B        C        D         E       F
            +---------+---------+-------+---------+---------+-------
      Total |    3666 |    1253 |  25.5 |     151 |      66 |  30.4
            +---------+---------+-------+---------+---------+-------
        D:1 |      42 |       9 |  17.6 |      24 |       3 |  11.1
        D:2 |      44 |       2 |   4.3 |      15 |       1 |   6.2
        D:3 |     128 |      41 |  24.3 |      23 |      15 |  39.5
        D:4 |     510 |       2 |   0.4 |      17 |       2 |  10.5
        D:5 |    1017 |      85 |   7.7 |      23 |       3 |  11.5
        D:6 |     538 |       0 |   0.0 |      15 |       0 |   0.0
        D:7 |    1167 |     663 |  36.2 |      30 |       1 |   3.2
        D:8 |     220 |       8 |   3.5 |       4 |       4 |  50.0
    Ossuary |       0 |     443 | 100.0 |       0 |      37 | 100.0
            +---------+---------+-------+---------+---------+-------
